 Dungeon Crawl Stone Soup version 0.23.0 (webtiles) character file.

Game seed: 15774112248797954406

112276 gohu the Tortoise (level 16, -1/149 HPs)
             Began as a Minotaur Fighter on Feb 10, 2019.
             Was a High Priest of Makhleb.
             Killed from afar by a shock serpent (15 damage)
             ... with a bolt of electricity
             ... on level 3 of the Snake Pit.
             The game lasted 01:31:17 (23636 turns).

gohu the Tortoise (Minotaur Fighter)               Turns: 23636, Time: 01:31:17

Health: -1/149     AC: 23    Str: 36    XL:     16   Next: 11%
Magic:  32/32      EV: 14    Int:  9    God:    Makhleb [*****.]
Gold:   2551       SH: 20    Dex: 16    Spells: 15/15 levels left

rFire    + . .     SeeInvis .   x - +2 war axe of the Endless March {holy, rPois MP+9 Int+4 Stlth+}
rCold    . . .     Gourm    .   c - +0 shield
rNeg     . . .     Faith    .   W - +2 plate armour {rF+}
rPois    +         Spirit   .   U - +2 hat
rElec    .         Reflect  +   B - +0 cloak {MR+}
rCorr    .         Harm     .   z - +1 pair of gloves
MR       ++...                  I - +1 pair of boots "Vigeyp" {Str+7 Stlth+}
Stlth    ..........             u - +5 amulet of reflection
HPRegen  0.34/turn              E - +4 ring of strength
MPRegen  0.23/turn              m - +3 ring of dexterity

@: very slightly contaminated
A: retaliatory headbutt, horns 2, deformed body
a: Minor Destruction, Lesser Servant of Makhleb, Major Destruction, Greater
Servant of Makhleb, Renounce Religion


You were on level 3 of the Snake Pit.
You worshipped Makhleb.
Makhleb was extremely pleased with you.
You were not hungry.

You visited 4 branches of the dungeon, and saw 25 of its levels.
You also visited: Bailey.

You collected 3274 gold pieces.
You spent 723 gold pieces at shops.

Inventory:

Hand Weapons
 x - the +2 war axe of the Endless March (weapon) {holy, rPois MP+9 Int+4 Stlth+}
   (You found it on level 5 of the Dungeon)

   It has been blessed by the Shining One to cause great damage to the undead
   and demons.
   It affects your intelligence (+4).
   It protects you from poison.
   It affects your magic capacity (+9).
   It makes you more stealthy.
 R - the +8 morningstar of Circularity {venom, MR+ Int+3}
   (You bought it in a shop on level 5 of the Dungeon)

   It poisons the flesh of those it strikes.
   It affects your intelligence (+3).
   It affects your resistance to hostile enchantments.
 Y - a +0 broad axe
Missiles
 S - 14 javelins (quivered)
Armour
 c - a +0 shield (worn)
 g - a +0 large shield
 z - a +1 pair of gloves (worn)
 B - a +0 cloak of magic resistance (worn)
 I - the +1 pair of boots "Vigeyp" (worn) {Str+7 Stlth+}
   (You acquired it on level 10 of the Dungeon)

   It affects your strength (+7).
   It makes you more stealthy.
 U - a +2 hat (worn)
 W - a +2 plate armour of fire resistance (worn)
 X - a +3 plate armour
Jewellery
 i - an uncursed ring of see invisible
 m - a +3 ring of dexterity (right hand)
 n - an uncursed ring of protection from cold
 s - an uncursed amulet of the gourmand {unknown}
 u - a +5 amulet of reflection (around neck)
 v - an uncursed ring of protection from fire
 E - a +4 ring of strength (left hand)
 N - the ring "Yngya" {rC+ rN+ MP+9 Int-5}
   (You bought it in a shop on level 10 of the Dungeon)

   [ring of positive energy]

   It affects your intelligence (-5).
   It protects you from cold.
   It protects you from negative energy.
   It affects your magic capacity (+9).
 P - an uncursed ring of poison resistance {unknown}
 T - an uncursed ring of resist corrosion
Wands
 r - a wand of iceblast (24)
 w - a wand of digging (23)
 D - a wand of acid (21)
 J - a wand of disintegration (15)
Scrolls
 e - 2 scrolls of silence
 h - a scroll of blinking
 j - 4 scrolls of remove curse
 l - 9 scrolls of teleportation
 o - 4 scrolls of enchant weapon
 p - 15 scrolls of identify
 q - 6 scrolls of enchant armour
 y - 3 scrolls of magic mapping
 G - 2 scrolls of fog
 K - a scroll of fear
 L - a scroll of amnesia
Potions
 a - 3 potions of cancellation
 d - 5 potions of might
 k - 5 potions of haste
 t - 3 potions of flight {unknown}
 A - 11 potions of curing
 C - a potion of invisibility
 F - 4 potions of agility
 M - a potion of berserk rage
 O - 2 potions of heal wounds
 V - 4 potions of resistance
Miscellaneous
 b - a phantom mirror
Comestibles
 f - 47 rations
 H - a chunk of flesh


   Skills:
 + Level 15.2 Fighting
 - Level 16.0 Axes
 + Level 16.6 Armour
 + Level 8.9 Dodging
 + Level 13.4 Shields
 + Level 11.1 Invocations


You had 15 spell levels left.
You didn't know any spells.
Your spell library contained the following spells:

 Spells                   Type           Power        Failure   Level  Hunger
 Animate Skeleton         Necr           N/A          88%         1    ##.....
 Apportation              Tloc           #.....       88%         1    ##.....
 Confusing Touch          Hex            #.....       88%         1    ##.....
 Corona                   Hex            #......      88%         1    ##.....
 Infusion                 Chrm           #...         88%         1    ##.....
 Pain                     Necr           #...         88%         1    ##.....
 Summon Small Mammal      Summ           #...         88%         1    ##.....
 Ensorcelled Hibernation  Hex/Ice        #.....       96%         2    ###....
 Shroud of Golubria       Chrm/Tloc      #.........   96%         2    ###....
 Song of Slaying          Chrm           #.......     96%         2    ###....
 Confuse                  Hex            #.......     99%         3    ####...
 Dazzling Spray           Conj/Hex       #.....       99%         3    ####...
 Regeneration             Chrm/Necr      #.........   99%         3    ####...
 Spectral Weapon          Hex/Chrm       #.......     99%         3    ####...
 Tukima's Dance           Hex            #.......     99%         3    ####...
 Vampiric Draining        Necr           #.........   99%         3    ####...
 Animate Dead             Necr           N/A          100%        4    #####..


Dungeon Overview and Level Annotations

Branches:
Dungeon (14/15)            Temple (0/1) D:7            Lair (6/6) D:8
 Shoals (0/4) Lair:4        Snake (3/4) Lair:4        Slime (0/5) Lair:5
    Orc (2/2) D:11            Elf (0/3) Orc:2        Vaults (0/5) D:14

Altars:
Dithmenos
Makhleb
Nemelex Xobeh
Beogh
Jiyva

Shops:
D:5 (   D:10 *   Orc:1 (*   Orc:2 *::}   Snake:1 (   Snake:3 *:[[

Annotations:
D:14 1 runed translucent door
Lair:4 3 runed translucent doors, buskinjo's ghost, journeyman DsFi
Lair:5 exclusion: 2 oklob plants
Lair:6 1 runed translucent door, xight's ghost, journeyman DEFE


Innate Abilities, Weirdness & Mutations

You reflexively headbutt those who attack you in melee.
You have a pair of horns on your head.
Armour fits poorly on your strangely shaped body.


Message History

You closely miss the shock serpent.
The shock serpent is moderately wounded.
The shock serpent bites you! The shock serpent shocks you!
* * * LOW HITPOINT WARNING * * *
A demon appears!
It doesn't seem very happy.
You block the shock serpent's attack. x2
Blink to where?
Press: ? - help, Dir - move target cursor You are very lightly contaminated with residual magic.
As you read the scroll of blinking, it crumbles to dust.
You see here an arrow.
You hear a grinding noise.
Okay, then.
You hear a grinding noise.
The shock serpent shoots out a bolt of lightning at you!
The bolt of electricity hits you!
* * * LOW HITPOINT WARNING * * *
The bolt of electricity hits you!
You die...

##...#...##
###..(..##
###.###)###
#....#()# #....#(.##
# #....#...###.##
###.###..S..#.##
#### #.#######....#
...###...#######@#.#
...##.......####.#
...##.......##...##
...##.###...##....#
............##....#
##......###...###.#
......###
###..##.### ...#..#
##......# .....##
####...#


You could see a shock serpent.

Vanquished Creatures
  Gastronok (Lair:1)
  Roxanne (Snake:3)
  A nagaraja (Snake:3)
  Josephine (Snake:1)
  4 naga warriors
  Harold (Orc:1)
  3 vault guards (D:14)
  10 hydras
  5 anacondas
  Erica (D:9)
  A two-headed ogre (D:10)
  3 orc high priests (Orc:2)
  5 shock serpents
  6 naga sharpshooters
  Nergalle (Orc:1)
  A salamander mystic (Snake:3)
  3 wizards (D:14)
  A lindwurm (Lair:6)
  2 orc knights (Orc:1)
  3 mana vipers (Snake:1)
  Pikel (D:8)
  2 deep elf magi (D:14)
  2 orc sorcerers
  3 ugly things
  2 cyclopes
  18 elephants
  2 manticores
  Maurice (D:9)
  5 salamanders
  A merfolk siren (Lair:4)
  3 guardian serpents
  A naga mage (Snake:2)
  20 black mambas
  Psyche (D:9)
  2 gargoyles (D:14)
  13 spiny frogs
  2 kobold demonologists
  7 komodo dragons
  A yaktaur (shapeshifter) (D:13)
  Grinder (D:3)
  2 trolls
  A wind drake (shapeshifter) (D:13)
  5 hornets
  3 polar bears (Lair:6)
  13 blink frogs
  6 slime creatures
  9 dream sheep
  6 hippogriffs
  12 spriggans (Lair:6)
  A shadow (D:13)
  5 basilisks
  4 wraiths
  A wyvern (D:13)
  19 humans (D:14)
  57 yaks
  2 hungry ghosts (D:12)
  3 wargs (Orc:1)
  2 soldier ants
  17 nagas
  An acid dragon (D:14)
  Menkaure (D:4)
  A water moccasin (shapeshifter) (D:13)
  11 water moccasins
  7 porcupines
  Duvessa (D:6)
  22 orc warriors
  2 ice beasts
  4 sky beasts
  4 black bears
  A necrophage (D:10)
  21 wolves
  A phantom (D:6)
  16 centaurs
  11 ogres
  5 boggarts (Lair:6)
  23 crocodiles
  20 bullfrogs
  10 big kobolds
  A gnoll sergeant (D:11)
  Dowan (D:6)
  7 scorpions
  3 killer bees (D:11)
  A howler monkey (D:6)
  3 wights (D:12)
  An electric eel (Lair:4)
  6 crimson imps
  5 hounds
  9 jellies
  A quasit (D:7)
  2 bullfrog zombies (D:11)
  4 centaur zombies
  2 bullfrog skeletons
  26 orc priests
  30 orc wizards
  3 centaur skeletons
  6 iguanas
  10 worker ants
  2 hound zombies
  A worker ant zombie (D:9)
  7 gnolls
  12 adders
  2 shadow imps
  5 oozes (D:12)
  2 worms (D:2)
  2 dart slugs
  6 leopard geckos
  87 orcs
  7 bats
  7 giant cockroaches
  6 goblins
  6 hobgoblins
  12 jackals
  12 kobolds
  7 quokkas
  2 ball pythons
  3 frilled lizards
  A jackal skeleton (D:4)
  A leopard gecko zombie (D:6)
  A quokka skeleton (D:4)
  5 rats
  A fungus (Lair:2)
  2 plants
792 creatures vanquished.

Vanquished Creatures (collateral kills)
  An orc high priest (Orc:2)
  A spiny frog (Lair:2)
  A yak (Lair:2)
  An orc wizard (Orc:2)
4 creatures vanquished.

Vanquished Creatures (others)
  Vashnia (Snake:2)
  A naga warrior (Snake:1)
  5 centaurs
  A hound (D:8)
  7 kobolds (Bailey)
  A bush (Lair:2)
  7 fungi
  18 plants
41 creatures vanquished.

Grand Total: 837 creatures vanquished

Notes
Turn   | Place    | Note
-------+----------+-------------------------------------------
     0 | D:1      | gohu the Minotaur Fighter began the quest for the Orb.
     0 | D:1      | Reached XP level 1. HP: 19/19 MP: 0/0
   235 | D:1      | Reached XP level 2. HP: 25/26 MP: 1/1
   816 | D:2      | Reached XP level 3. HP: 31/31 MP: 2/2
   877 | D:2      | Found a burning altar of Makhleb.
   884 | D:2      | Became a worshipper of Makhleb the Destroyer
  1115 | D:3      | Reached XP level 4. HP: 39/39 MP: 3/3
  1692 | D:3      | Noticed Grinder
  1704 | D:3      | Killed Grinder
  1704 | D:3      | Reached skill level 5 in Armour
  1704 | D:3      | Reached XP level 5. HP: 25/45 MP: 4/4
  1704 | D:3      | Reached XP level 6. HP: 28/51 MP: 5/5
  1851 | D:3      | Found a sparkling altar of Nemelex Xobeh.
  2606 | D:4      | Reached * piety under Makhleb
  2799 | D:4      | Noticed Menkaure
  2812 | D:5      | Entered Level 5 of the Dungeon
  2897 | D:5      | Reached XP level 7. HP: 35/57 MP: 6/6
  3066 | D:5      | You fall through a shaft!
  3306 | D:4      | HP: 3/85 [poisoned by an adder]
  3309 | D:4      | Gained mutation: You are weak. (Str -2) [potion of
                  | mutation]
  3309 | D:4      | Gained mutation: Armour fits poorly on your strangely
                  | shaped body. [potion of mutation]
  3309 | D:4      | Lost mutation: You are weak. (Str -2) [potion of mutation]
  4017 | D:5      | Found Tyilacrest's Antique Weapon Shop.
  4174 | D:5      | Got a scorched war axe
  4175 | D:5      | Identified the +2 war axe of the Endless March {holy, rPois
                  | MP+9 Int+4 Stlth+} (You found it on level 5 of the Dungeon)
  4523 | D:6      | Reached XP level 8. HP: 62/64 MP: 7/7
  4608 | D:6      | Noticed Dowan
  4621 | D:6      | Killed Dowan
  4626 | D:6      | Noticed Duvessa
  4643 | D:6      | Killed Duvessa
  4643 | D:6      | Reached skill level 10 in Axes
  4754 | D:6      | Reached ** piety under Makhleb
  5297 | D:7      | Found a staircase to the Ecumenical Temple.
  5661 | D:7      | You fall through a shaft!
  5666 | D:8      | Noticed Pikel
  5692 | D:8      | Killed Pikel
  5692 | D:8      | Reached XP level 9. HP: 72/72 MP: 8/8
  5874 | D:8      | Found a staircase to the Lair.
  5878 | D:8      | Noticed Maurice
  5880 | D:8      | Reached skill level 5 in Fighting
  5889 | D:8      | Paralysed by Maurice for 7 turns
  6043 | D:9      | Paralysed by Maurice for 4 turns
  6057 | D:9      | Paralysed by Maurice for 2 turns
  6064 | D:9      | Killed Maurice
  6064 | D:9      | Reached skill level 10 in Armour
  6203 | D:8      | Reached XP level 10. HP: 79/83 MP: 9/9
  6255 | D:8      | Reached *** piety under Makhleb
  7336 | D:4      | Killed Menkaure
  7507 | D:9      | Noticed Psyche
  7516 | D:9      | Killed Psyche
  7850 | D:9      | Noticed Erica
  7867 | D:9      | Killed Erica
  8084 | D:5      | Bought a translucent morningstar for 288 gold pieces
  8084 | D:5      | Identified the +8 morningstar of Circularity {venom, MR+
                  | Int+3} (You bought it in a shop on level 5 of the Dungeon)
  8197 | Lair:1   | Entered Level 1 of the Lair of Beasts
  8197 | Lair:1   | Noticed a black mamba
  8204 | Lair:1   | Killed a black mamba
  8300 | Lair:1   | Reached **** piety under Makhleb
  8308 | Lair:1   | Noticed a spiny frog
  8318 | Lair:1   | Killed a spiny frog
  8318 | Lair:1   | Reached XP level 11. HP: 95/95 MP: 10/10
  8398 | Lair:1   | Noticed a seven-headed hydra
  8409 | Lair:1   | Killed a seven-headed hydra
  8409 | Lair:1   | Reached skill level 15 in Axes
  8748 | Lair:1   | Reached skill level 1 in Invocations
  8981 | Lair:1   | Noticed Gastronok
  9001 | Lair:1   | Killed Gastronok
  9001 | Lair:1   | Reached skill level 5 in Shields
  9531 | Lair:2   | Reached XP level 12. HP: 106/106 MP: 13/13
  9707 | Lair:2   | Noticed a six-headed hydra
  9716 | Lair:2   | Killed a six-headed hydra
  9716 | Lair:2   | Reached skill level 10 in Fighting
 10024 | Lair:2   | Noticed a four-headed hydra
 10030 | Lair:2   | Killed a four-headed hydra
 10676 | Lair:3   | Noticed a seven-headed hydra
 10691 | Lair:3   | Killed a seven-headed hydra
 10691 | Lair:3   | Reached skill level 5 in Invocations
 11361 | Lair:4   | Noticed a five-headed hydra
 11373 | Lair:4   | Killed a five-headed hydra
 11541 | Lair:4   | Reached ***** piety under Makhleb
 11545 | Lair:4   | Found a staircase to the Snake Pit.
 11607 | Lair:4   | Found a runed translucent gate.
 11607 | Lair:4   | Found a runed translucent gate.
 11607 | Lair:4   | Found a runed translucent gate.
 11611 | Lair:4   | Noticed buskinjo's ghost (journeyman DsFi)
 11615 | Lair:4   | Found a viscous altar of Jiyva.
 11936 | Lair:4   | Found a staircase to the Shoals.
 12184 | Lair:4   | Noticed an eight-headed hydra
 12264 | Lair:4   | Noticed a four-headed hydra
 12273 | Lair:4   | Killed a four-headed hydra
 12319 | Lair:4   | Killed an eight-headed hydra
 12492 | Lair:5   | Reached XP level 13. HP: 91/116 MP: 16/16
 13034 | Lair:5   | Found a viscous altar of Jiyva.
 13035 | Lair:5   | Found a staircase to the Slime Pits.
 13052 | Lair:6   | Entered Level 6 of the Lair of Beasts
 13691 | Lair:6   | Reached skill level 10 in Shields
 13788 | Lair:6   | Reached ****** piety under Makhleb
 14269 | Lair:6   | Found a runed translucent door.
 14270 | Lair:6   | Identified the +3 trident "Kabaqif" {vamp, *Rage +Blink
                  | rPois}
 14278 | Lair:6   | Noticed xight's ghost (journeyman DEFE)
 14387 | Lair:6   | Reached XP level 14. HP: 123/129 MP: 19/19
 14791 | D:10     | Entered Level 10 of the Dungeon
 14806 | D:10     | Found Lirghal's Assorted Antiques.
 14811 | D:10     | Bought an ancient pewter ring for 120 gold pieces
 14874 | D:10     | Found a flagged portal.
 14887 | Bailey   | Entered a bailey
 14892 | Bailey   | Identified the ring "Yngya" {rC+ rN+ MP+9 Int-5} (You
                  | bought it in a shop on level 10 of the Dungeon)
 15014 | Bailey   | Found an iron altar of Okawaru.
 15122 | D:10     | Got a brightly glowing trident
 15131 | D:9      | Identified the +4 trident of a bailey {chaos, rC++} (You
                  | found it on level 10 of the Dungeon)
 15177 | D:10     | Identified a scroll of acquirement
 15180 | D:10     | Got a pair of smoking boots
 15191 | D:10     | Identified the +1 pair of boots "Vigeyp" {Str+7 Stlth+}
                  | (You acquired it on level 10 of the Dungeon)
 16060 | D:11     | Found a staircase to the Orcish Mines.
 16159 | D:11     | Reached skill level 15 in Armour
 16853 | D:12     | Found a shadowy altar of Dithmenos.
 18101 | D:14     | Noticed a tengu reaver
 18101 | D:14     | Noticed a storm dragon
 18102 | D:14     | Found a runed translucent door.
 18103 | D:14     | Noticed a stone giant
 18592 | D:14     | Reached skill level 10 in Invocations
 18649 | D:14     | Found a gate to the Vaults.
 18773 | D:14     | Reached XP level 15. HP: 139/139 MP: 21/21
 19054 | Orc:1    | Entered Level 1 of the Orcish Mines
 19058 | Orc:1    | Noticed Harold
 19083 | Orc:1    | Killed Harold
 19347 | Orc:1    | Found Xeplu's Assorted Antiques.
 19350 | Orc:1    | Found Popt's Weapon Shop.
 19356 | Orc:1    | Bought a scroll labeled NEKUYF LYMUGOT for 30 gold pieces
 19452 | Orc:1    | Noticed Nergalle
 19474 | Orc:1    | Killed Nergalle
 19607 | Orc:1    | Found a roughly hewn altar of Beogh.
 19828 | Orc:2    | Entered Level 2 of the Orcish Mines
 19838 | Orc:2    | Found a staircase to the Elven Halls.
 19916 | Orc:2    | Reached skill level 1 in Dodging
 20208 | Orc:2    | Found Voefi's Assorted Antiques.
 20208 | Orc:2    | Found Quhaky's Book Boutique.
 20212 | Orc:2    | Found Hitz's Book Shop.
 20212 | Orc:2    | Found Ydammoep's Gadget Shop.
 20225 | Orc:2    | Bought a runed cloak for 285 gold pieces
 20822 | Snake:1  | Entered Level 1 of the Snake Pit
 20836 | Snake:1  | Reached skill level 5 in Dodging
 20929 | Snake:1  | Found Roes's Weapon Boutique.
 21128 | Snake:1  | Noticed Josephine
 21136 | Snake:1  | Killed Josephine
 22193 | Snake:2  | Noticed Vashnia
 22207 | Snake:2  | Killed Vashnia
 22754 | Snake:3  | Reached skill level 15 in Fighting
 22962 | Snake:3  | Noticed a nagaraja
 22965 | Snake:3  | Identified Roxanne's Compendium of Shape Shifting
 22965 | Snake:3  | Noticed Roxanne
 22978 | Snake:2  | HP: 1/141 [shock serpent/bolt of electricity (20)]
 22983 | Snake:2  | HP: 5/141 [blizzard demon/freezing blast[the player
                  | character] (8)]
 23425 | Snake:3  | Killed a nagaraja
 23454 | Snake:3  | Reached XP level 16. HP: 149/149 MP: 23/23
 23471 | Snake:3  | Killed Roxanne
 23563 | Snake:3  | Found Tacs's Armour Emporium.
 23563 | Snake:3  | Found Manihal's Assorted Antiques.
 23564 | Snake:3  | Found Ajaodinif's Antique Armour Emporium.
 23596 | Snake:3  | Found Ogeorgho's Book Shoppe.
 23636 | Snake:3  | Killed from afar by a shock serpent

Skill      XL: |  1  2  3  4  5  6  7  8  9 10 11 12 13 14 15 |
---------------+----------------------------------------------+-----
Axes           | 3 4 6 7 9 11 13 14 16 | 16.0
Armour         | 4 5 6 7 9 10 11 12 13 14 15 16 | 16.6
Fighting       | 4 6 8 9 11 13 14 15 | 15.2
Shields        | 5 8 10 12 13 | 13.4
Invocations    | 3 6 8 10 11 | 11.1
Dodging        | 8 |  8.9

Action                   |  1- 3 |  4- 6 |  7- 9 | 10-12 | 13-15 | 16-18 || total
-------------------------+-------+-------+-------+-------+-------+-------++-------
Melee: War axe           |    76 |   138 |   262 |   518 |  1474 |    55 ||  2523
       Headbutt          |    14 |    21 |    45 |   165 |   483 |    22 ||   750
       Morningstar       |       |       |       |    32 |    12 |       ||    44
Throw: Javelin           |       |       |       |    10 |     1 |       ||    11
Invok: Minor Destruction |       |       |     2 |       |     8 |       ||    10
       Lesser Servant of |       |       |       |     2 |       |     1 ||     3
       Major Destruction |       |       |       |     1 |     4 |       ||     5
       Greater Servant o |       |       |       |       |     2 |     1 ||     3
Evoke: Wand              |       |       |     1 |       |       |       ||     1
  Use: Potion            |       |       |     6 |     1 |     2 |       ||     9
       Scroll            |       |       |     2 |    16 |    10 |     1 ||    29
 Stab: Distracted        |       |       |       |       |     1 |       ||     1
  Eat: Chunk             |     1 |     5 |    11 |    21 |    34 |       ||    72
       Ration            |       |       |       |       |     1 |       ||     1
Armor: Scale mail        |    11 |       |       |       |       |       ||    11
       Chain mail        |    42 |    68 |   115 |   172 |   147 |       ||   544
       Skin              |       |       |    16 |       |       |       ||    16
       Plate armour      |       |       |       |       |   270 |     5 ||   275
Dodge: Dodged            |    22 |    28 |    40 |    77 |   234 |     7 ||   408
Block: Shield            |    36 |    55 |   182 |   353 |  1066 |    31 ||  1723
       Reflection        |       |       |    11 |    10 |   125 |     5 ||   151
